[Event "48th Indian U15-ch Open 2023"]
[Site "Jalgaon"]
[Date "2024.02.02"]
[Round "9.4"]
[White "Vatsal Singla"]
[Black "Vignesh Advaith Vemula"]
[Result "1-0"]
[ECO "B22"]
[WhiteElo "1714"]
[BlackElo "2028"]
[Annotator "RC"]
[PlyCount "83"]
[EventDate "2023.12.30"]
[EventType "swiss"]
[EventCountry "IND"]
[SourceTitle "playchess.com"]
[Source "ChessBase"]
[SourceQuality "1"]
[TimeControl "5400+30"]

1. e4 c5 2. c3 d5 3. exd5 Qxd5 4. d4 Nc6 5. Nf3 Bf5 6. Be3 Nf6 7. Na3 cxd4 8. Bc4 Qa5 9. Nxd4 Nxd4 10. Bxd4 e5 11. Bb5+ Bd7 12. Bxd7+ Nxd7 13. Nc4 Qd5 14. Qe2 f6 15. O-O Be7 16. Be3 O-O 17. Rad1 Qe6 18. Rd2 Rfc8 19. Rfd1 Nf8 20. Na5 Qxa2 21. Nxb7 Rab8 22. Nc5 Bxc5 23. Bxc5 Ne6 24. Ba3 Qb3 25. h3 Qa4 26. Rd6 Qb3 27. Qg4 Re8 28. Rd7 Red8 29. Rxd8+ Nxd8 30. Rd7 Nf7 31. Rxa7 Rd8 32. Rd7 Rxd7 33. Qxd7 h5 34. Qc8+ Kh7 35. Qf5+ Kh6 36. Bc5 Qd1+ 37. Kh2 Qd8 38. Be3+ g5 39. h4 Qd6 40. b4 e4+ 41. g3 Qe5 42. hxg5+ 1-0

[Event "48th Indian U15-ch Open 2023"]
[Site "Jalgaon"]
[Date "2024.02.02"]
[Round "9.5"]
[White "Anirudh R"]
[Black "Bivor Adak"]
[Result "0-1"]
[ECO "A46"]
[WhiteElo "1621"]
[BlackElo "1791"]
[Annotator "NA RC"]
[PlyCount "48"]
[EventDate "2023.12.30"]
[EventType "swiss"]
[EventCountry "IND"]
[SourceTitle "playchess.com"]
[Source "ChessBase"]
[SourceQuality "1"]
[TimeControl "5400+30"]

1. d4 Nf6 2. Nf3 e6 3. Bf4 c5 4. e3 Nc6 5. Nbd2 Be7 6. c3 Nh5 7. dxc5 Nxf4 8. exf4 Bxc5 9. Ne4 b6 10. Ne5 Qc7 11. Qh5 Nxe5 12. fxe5 Bb7 13. Bd3 Be7 14. f4 g6 15. Qe2 O-O 16. O-O d6 17. exd6 Bxd6 18. g3 Bc5+ 19. Rf2 Bxe4 20. Qxe4 Bxf2+ 21. Kxf2 Qc5+ 22. Ke2 Rad8 23. Qe5 Qxe5+ 24. fxe5 Rd5 0-1

[Event "48th Indian U15-ch Open 2023"]
[Site "Jalgaon"]
[Date "2024.02.02"]
[Round "9.6"]
[White "Agnivo Chakraborty"]
[Black "Mayank Chakraborty"]
[Result "1/2-1/2"]
[ECO "C55"]
[WhiteElo "1690"]
[BlackElo "2403"]
[Annotator "RC"]
[PlyCount "91"]
[EventDate "2023.12.30"]
[EventType "swiss"]
[EventCountry "IND"]
[SourceTitle "playchess.com"]
[Source "ChessBase"]
[SourceQuality "1"]
[TimeControl "5400+30"]

1. e4 e5 2. Nf3 Nc6 3. Bc4 Nf6 4. d3 h6 5. c3 d6 6. Nbd2 g5 7. Nf1 Bg7 8. Ng3 Ne7 9. d4 exd4 10. Nxd4 O-O 11. O-O Nxe4 12. Nxe4 d5 13. Bxg5 dxe4 14. Be3 Ng6 15. f4 Kh7 16. f5 Ne5 17. f6 Bxf6 18. Qh5 Bg5 19. Bxg5 Qxg5 20. Qxg5 hxg5 21. Bd5 Kg7 22. Bxe4 Nc4 23. Rf2 Nd6 24. Bf5 c5 25. Bxc8 cxd4 26. Bf5 dxc3 27. bxc3 Rad8 28. Rd1 Nb5 29. Rfd2 Rxd2 30. Rxd2 Kf6 31. Be4 Nxc3 32. Bxb7 Rb8 33. Rb2 Ke5 34. a3 f5 35. g3 Kd4 36. Rd2+ Ke3 37. Rd7 a5 38. Rf7 Ne2+ 39. Kg2 Nd4 40. a4 f4 41. Re7+ Kd2 42. h4 gxh4 43. gxf4 Rg8+ 44. Kh2 Rg4 45. Re5 Rg7 46. Bg2 1/2-1/2

[Event "48th Indian U15-ch Open 2023"]
[Site "Jalgaon"]
[Date "2024.02.02"]
[Round "9.7"]
[White "Samyak Dharewa"]
[Black "Sherla Prathamesh"]
[Result "1-0"]
[ECO "C00"]
[WhiteElo "1939"]
[BlackElo "1699"]
[Annotator "NA RC"]
[PlyCount "119"]
[EventDate "2023.12.30"]
[EventType "swiss"]
[EventCountry "IND"]
[SourceTitle "playchess.com"]
[Source "ChessBase"]
[SourceQuality "1"]
[TimeControl "5400+30"]

1. e4 e6 2. Nf3 d5 3. Nc3 d4 4. Ne2 c5 5. c3 Nf6 6. e5 Nfd7 7. cxd4 cxd4 8. Nexd4 Nxe5 9. Bb5+ Nec6 10. O-O Bd7 11. Nc2 a6 12. Be2 Be7 13. d4 O-O 14. Bf4 Bf6 15. Bd6 Ne7 16. Ne3 Ba4 17. Qxa4 Qxd6 18. Nc4 Qd8 19. Qb3 b5 20. Nce5 Nbc6 21. Rfd1 Qd6 22. a4 Na5 23. Qd3 b4 24. Rac1 Rfd8 25. Qe4 (25. Ng4 $14) 25... Rac8 26. Rxc8 Rxc8 27. Ng4 Qd5 $18 28. Qf4 Qf5 29. Qg3 Ng6 30. Bxa6 Qc2 31. Ne3 Qc7 32. Bxc8 Qxc8 33. Qd6 Be7 34. Qb6 Nb3 35. a5 Bd8 36. Qxb4 Nxa5 37. d5 exd5 38. Nxd5 h6 39. h4 Nc6 40. Qe4 Nf8 41. Qe8 Qe6 42. Qxe6 Nxe6 43. b4 Na7 44. Nf4 Bf6 45. Rd7 Nb5 46. Nd5 Kf8 47. Rb7 Nd6 48. Rb8+ Bd8 49. b5 Ke8 50. Ne5 f6 51. Nc6 Kd7 52. Ncb4 Ba5 53. Na6 Bd8 54. Ndb4 Ba5 55. h5 Bd8 56. b6 f5 57. b7 Bc7 58. Nxc7 Kxc7 59. Na6+ Kb6 60. Re8 1-0

[Event "48th Indian U15-ch Open 2023"]
[Site "Jalgaon"]
[Date "2024.02.02"]
[Round "9.8"]
[White "Nirnay Garg"]
[Black "Mokshith Pasupulety"]
[Result "0-1"]
[ECO "B01"]
[WhiteElo "1894"]
[BlackElo "1478"]
[Annotator "NA RC"]
[PlyCount "106"]
[EventDate "2023.12.30"]
[EventType "swiss"]
[EventCountry "IND"]
[SourceTitle "playchess.com"]
[Source "ChessBase"]
[SourceQuality "1"]
[TimeControl "5400+30"]

1. e4 d5 2. exd5 Nf6 3. c4 e6 4. dxe6 Bxe6 5. d4 Bb4+ 6. Bd2 Qe7 (6... Bxd2+ $1 $11 7. Qxd2 Qe7) 7. Be2 Bxc4 8. Qa4+ Nc6 9. Bxb4 Qxb4+ 10. Qxb4 Nxb4 11. Bxc4 Nc2+ 12. Kd2 Nxa1 13. Nc3 Nd7 14. Nd5 O-O-O 15. Nf3 f6 16. Rxa1 c6 17. Ne7+ Kc7 18. Kc2 Nb6 19. Bd3 g6 20. Re1 Rhe8 21. d5 Rd7 22. d6+ $1 Rxd6 23. Nf5 Rxe1 24. Nxd6 Re7 $11 25. Nc4 Nxc4 26. Bxc4 b5 27. Bd3 Kd6 28. h4 f5 29. Kd2 Kc5 30. h5 a6 31. h6 Kd5 32. Ng5 Ke5 33. Ke3 Kf6+ 34. Kf4 c5 35. g4 c4 36. Bb1 fxg4 37. Be4 g3 38. fxg3 a5 39. Bd5 Rc7 40. Bg8 b4 41. Bxh7 c3 42. Ne4+ Kf7 43. Nd6+ Kf6 44. Ne8+ Kf7 45. Nd6+ Kf8 46. Bxg6 c2 47. Bxc2 Rxc2 48. g4 Rxb2 49. g5 Rh2 50. Kf5 a4 51. Nc4 a3 52. Kf6 b3 53. Nxa3 bxa2 0-1

[Event "48th Indian U15-ch Open 2023"]
[Site "Jalgaon"]
[Date "2024.02.02"]
[Round "9.9"]
[White "Sri Charan Sandipagu"]
[Black "Rohith S"]
[Result "1/2-1/2"]
[ECO "A48"]
[WhiteElo "1660"]
[BlackElo "1757"]
[Annotator "NA RC"]
[PlyCount "93"]
[EventDate "2023.12.30"]
[EventType "swiss"]
[EventCountry "IND"]
[SourceTitle "playchess.com"]
[Source "ChessBase"]
[SourceQuality "1"]
[TimeControl "5400+30"]

1. d4 Nf6 2. Bf4 g6 3. e3 Bg7 4. Nf3 O-O 5. Be2 d6 6. h3 c5 7. c3 Qb6 8. Qc1 Qc7 9. Nbd2 b6 10. O-O Bb7 11. Re1 Ne4 12. Nxe4 Bxe4 13. Nd2 Bc6 14. Bf3 Qb7 15. Bxc6 Qxc6 16. Nf3 Nd7 17. e4 cxd4 18. cxd4 Qxc1 19. Raxc1 Rfc8 20. Kf1 Kf8 21. Ke2 Ke8 22. b4 b5 23. Rxc8+ Rxc8 24. Rc1 Rxc1 25. Bxc1 Nb6 26. Kd3 d5 27. exd5 Nxd5 28. a3 e6 29. Ne5 Bxe5 30. dxe5 Kd7 31. Be3 a6 32. g3 Kc6 33. Bd4 h6 34. Ke4 h5 35. f3 Kd7 36. h4 Kc6 37. Kd3 Ne7 38. Ke4 Nd5 39. Kd3 Kc7 40. Ke4 Kd7 41. Kd3 Kc6 42. Ke4 Kb7 43. Kd3 Kc7 44. Ke4 Kd7 45. Kd3 Ne7 46. Ke4 Nd5 47. Kd3 1/2-1/2

[Event "48th Indian U15-ch Open 2023"]
[Site "Jalgaon"]
[Date "2024.02.02"]
[Round "9.10"]
[White "Shaik Sumer Arsh"]
[Black "Ghadge Harsh"]
[Result "1/2-1/2"]
[ECO "E92"]
[WhiteElo "2255"]
[BlackElo "1663"]
[Annotator "RC"]
[PlyCount "76"]
[EventDate "2023.12.30"]
[EventType "swiss"]
[EventCountry "IND"]
[SourceTitle "playchess.com"]
[Source "ChessBase"]
[SourceQuality "1"]
[TimeControl "5400+30"]

1. d4 Nf6 2. c4 g6 3. Nc3 Bg7 4. e4 d6 5. Nf3 O-O 6. Be2 e5 7. Be3 exd4 8. Nxd4 Re8 9. f3 c6 10. Bf2 d5 11. exd5 cxd5 12. O-O Nc6 13. c5 Nh5 14. Qd2 Nxd4 15. Bxd4 Bxd4+ 16. Qxd4 Qf6 17. Rfd1 Qg5 18. Bf1 Be6 19. Re1 Ng7 20. Rad1 Rad8 21. Qd2 Qh4 22. Nb5 Nf5 23. Nd4 Nxd4 24. Qxd4 Qxd4+ 25. Rxd4 Kg7 26. Red1 Kf6 27. b4 Rc8 28. Bb5 Re7 29. Kf2 b6 30. Rc1 bxc5 31. bxc5 Rec7 32. c6 Rb8 33. Be2 Rb6 34. Ra4 Rbxc6 35. Rxc6 Rxc6 36. Rxa7 Rc2 37. a4 d4 38. Ke1 Bf5 1/2-1/2

[Event "48th Indian U15-ch Open 2023"]
[Site "Jalgaon"]
[Date "2024.01.03"]
[Round "10.1"]
[White "Md Imran"]
[Black "Daksh Goyal"]
[Result "1/2-1/2"]
[ECO "D02"]
[WhiteElo "2174"]
[BlackElo "1814"]
[Annotator "RC"]
[PlyCount "76"]
[EventDate "2023.12.30"]
[EventType "swiss"]
[EventCountry "IND"]
[SourceTitle "playchess.com"]
[Source "ChessBase"]
[SourceQuality "1"]
[TimeControl "5400+30"]

1. d4 d5 2. Nf3 Nf6 3. Bf4 e6 4. e3 Be7 5. Nbd2 Nbd7 6. h3 c5 7. c3 O-O 8. Bd3 c4 9. Bc2 b5 10. e4 dxe4 11. Nxe4 Bb7 12. Qe2 Nxe4 13. Bxe4 Bxe4 14. Qxe4 Nf6 15. Qe2 Nd5 16. Bd2 Qc7 17. O-O a5 18. Ne5 Bd6 19. f4 Rfe8 20. Qf3 f6 21. Ng4 f5 22. Ne3 Nxf4 23. Nxf5 exf5 24. Bxf4 Bxf4 25. Qxf4 Qxf4 26. Rxf4 Re2 27. Rf2 Rae8 28. a4 b4 29. cxb4 axb4 30. a5 c3 31. bxc3 bxc3 32. Rxf5 Rd2 33. a6 c2 34. a7 Rxd4 35. a8=Q c1=Q+ 36. Rxc1 Rxa8 37. Rc7 Rd1+ 38. Kh2 Rd6 1/2-1/2

[Event "48th Indian U15-ch Open 2023"]
[Site "Jalgaon"]
[Date "2024.01.03"]
[Round "10.2"]
[White "Bivor Adak"]
[Black "Jihan Tejas Shah"]
[Result "0-1"]
[ECO "B38"]
[WhiteElo "1791"]
[BlackElo "1891"]
[Annotator "NA RC"]
[PlyCount "94"]
[EventDate "2023.12.30"]
[EventType "swiss"]
[EventCountry "IND"]
[SourceTitle "playchess.com"]
[Source "ChessBase"]
[SourceQuality "1"]
[TimeControl "5400+30"]

1. e4 c5 2. Nf3 Nc6 3. d4 cxd4 4. Nxd4 g6 5. c4 Bg7 6. Be3 Qb6 7. Nb3 Qd8 8. Qd2 Nf6 9. f3 d6 10. Nc3 Be6 11. Be2 a5 12. Nb5 O-O 13. N3d4 Bd7 14. O-O a4 15. b4 axb3 16. axb3 Nxd4 17. Nxd4 Qc7 18. Rfc1 Rfc8 19. b4 Be8 20. Rab1 Qd8 21. Bf1 Nd7 22. Nb3 Ra3 23. Bd4 Bxd4+ 24. Qxd4 b6 25. Qb2 Raa8 26. Ra1 Rxa1 27. Rxa1 Qc7 28. Qd4 f6 29. Rc1 Bf7 30. Be2 Ne5 31. Nd2 g5 32. g3 Kg7 33. Kf2 Nc6 34. Qc3 Qd7 35. Kg2 h5 36. Nf1 e5 37. Ne3 Nd4 38. Qd3 Qa4 39. b5 Qa2 40. Kf2 Be6 41. Rc3 Qa1 42. Nd1 $2 (42. Bd1) 42... Ra8 43. Kg1 Ra2 44. Bf1 g4 45. fxg4 hxg4 46. Kh1 f5 47. Ne3 fxe4 0-1

[Event "48th Indian U15-ch Open 2023"]
[Site "Jalgaon"]
[Date "2024.01.03"]
[Round "10.3"]
[White "Bhoir Paras Dilip"]
[Black "Vatsal Singla"]
[Result "1-0"]
[ECO "B92"]
[WhiteElo "1808"]
[BlackElo "1714"]
[Annotator "NA RC"]
[PlyCount "133"]
[EventDate "2023.12.30"]
[EventType "swiss"]
[EventCountry "IND"]
[SourceTitle "playchess.com"]
[Source "ChessBase"]
[SourceQuality "1"]
[TimeControl "5400+30"]

1. e4 c5 2. Nf3 d6 3. d4 cxd4 4. Nxd4 Nf6 5. Nc3 a6 6. Be2 e5 7. Nb3 Be7 8. Bg5 Be6 9. Bxf6 Bxf6 10. Qd3 O-O 11. O-O-O Qb6 12. Rhf1 Nc6 13. Qxd6 Rfd8 14. Qc5 Qxc5 15. Nxc5 Be7 16. Nxb7 Rdb8 17. Nd6 Nd4 18. Nf5 Nxf5 19. exf5 Bxf5 20. Rd5 Bf6 21. Ra5 Kf8 22. f4 Ra7 23. Bc4 g6 24. fxe5 Bg5+ 25. Kb1 Bd2 26. Bb3 Rc8 27. Rf3 Kg7 28. Rd5 Bg5 29. h3 Re7 30. g4 Bd7 31. Rd6 Bc6 32. Rf1 a5 33. Bd5 Be8 34. e6 fxe6 35. Bxe6 Rc6 36. Rxc6 Bxc6 37. Bd5 Be8 38. Ne4 Be3 39. a3 Bb5 40. Rd1 Rd7 41. b3 Bf4 42. Nc5 Be2 43. Re1 Bg3 44. Rxe2 Rxd5 45. Nd3 Kf6 46. Re3 Bd6 47. c4 Rd4 48. Kb2 Bf8 49. Kc3 $18 Rd8 50. b4 Kg5 51. Nc5 axb4+ 52. axb4 Bxc5 53. bxc5 Kf4 54. Re7 h5 55. gxh5 gxh5 56. c6 Kg3 57. c7 Rc8 58. Kb4 Kxh3 59. Kb5 h4 60. Kc6 Kg2 61. Kb7 Rg8 62. c8=Q Rxc8 63. Kxc8 h3 64. Rh7 h2 65. c5 h1=Q 66. Rxh1 Kxh1 67. c6 1-0

[Event "48th Indian U15-ch Open 2023"]
[Site "Jalgaon"]
[Date "2024.01.03"]
[Round "10.4"]
[White "Mokshith, Pasupulety"]
[Black "Samyak Dharewa"]
[Result "0-1"]
[ECO "B42"]
[WhiteElo "1478"]
[BlackElo "1939"]
[Annotator "RC"]
[PlyCount "126"]
[EventDate "2023.12.30"]
[EventType "swiss"]
[EventCountry "IND"]
[SourceTitle "playchess.com"]
[Source "ChessBase"]
[SourceQuality "1"]
[TimeControl "5400+30"]

1. e4 c5 2. Nf3 e6 3. d4 cxd4 4. Nxd4 a6 5. Bd3 Nf6 6. O-O Qc7 7. Qe2 d6 8. c4 g6 9. Nc3 Bg7 10. Be3 O-O 11. Rac1 b6 12. Rfd1 Bb7 13. f3 Nbd7 14. b3 Rac8 15. Qf2 Qb8 16. Bf1 Rfd8 17. h3 Ba8 18. Kh1 Rc7 19. Nde2 Ne8 20. a4 Rcc8 21. Bd4 Nef6 22. g4 h6 23. Bg2 Nc5 24. Rb1 Bc6 25. b4 Ncd7 26. Bf1 Ba8 27. Nc1 Ne8 28. Nb3 Bxd4 29. Qxd4 Ne5 30. Nd2 Qc7 31. Rdc1 Rb8 32. Qe3 g5 33. f4 gxf4 34. Qxf4 Kh7 35. Be2 Qe7 36. Kh2 Ng6 37. Qf2 Qf6 38. Nf3 Qf4+ 39. Qg3 Nf6 40. Bd3 Qxg3+ 41. Kxg3 Ne5 42. Nxe5 dxe5 43. Rd1 Rd4 44. Kf3 Rbd8 45. Ke3 Kg6 46. Rb3 Kg5 47. Ne2 Rxc4 48. Ng1 Bxe4 49. Bxc4 Rxd1 50. Nf3+ Bxf3 51. Kxf3 e4+ 52. Kg3 Nd5 53. Bxa6 f5 54. gxf5 exf5 55. a5 f4+ 56. Kf2 bxa5 57. bxa5 f3 58. Bb7 Kf4 59. Bxd5 Rxd5 60. Ra3 e3+ 61. Ke1 f2+ 62. Ke2 Rd2+ 63. Kf1 Rd1+ 0-1

[Event "48th Indian U15-ch Open 2023"]
[Site "Jalgaon"]
[Date "2024.01.03"]
[Round "10.5"]
[White "Jain, Kushagra"]
[Black "Madhvendra Pratap Sharma"]
[Result "1/2-1/2"]
[ECO "C02"]
[WhiteElo "1804"]
[BlackElo "1803"]
[Annotator "NA RC"]
[PlyCount "49"]
[EventDate "2023.12.30"]
[EventType "swiss"]
[EventCountry "IND"]
[SourceTitle "playchess.com"]
[Source "ChessBase"]
[SourceQuality "1"]
[TimeControl "5400+30"]

1. e4 e6 2. d4 d5 3. e5 c5 4. c3 Nc6 5. Nf3 Qb6 6. Bd3 Bd7 7. dxc5 Bxc5 8. O-O a5 9. Qe2 Nge7 10. Nbd2 Qa7 11. Nb3 Bb6 12. a4 Ng6 13. Bb5 Rc8 14. h4 Nge7 15. h5 h6 16. Bf4 Nb8 17. Nfd4 Nbc6 18. Nf3 Nb8 19. Bd3 Nbc6 20. Rad1 Rd8 21. Bc2 Qa6 22. Bd3 Qa7 23. Bc2 Qa6 24. Bd3 Qa7 25. Bc2 1/2-1/2

[Event "48th Indian U15-ch Open 2023"]
[Site "Jalgaon"]
[Date "2024.01.03"]
[Round "10.6"]
[White "Sri Charan Sandipagu"]
[Black "Mayank Chakraborty"]
[Result "0-1"]
[ECO "D02"]
[WhiteElo "1711"]
[BlackElo "2403"]
[Annotator "RC"]
[PlyCount "112"]
[EventDate "2023.12.30"]
[EventType "swiss"]
[EventCountry "IND"]
[SourceTitle "playchess.com"]
[Source "ChessBase"]
[SourceQuality "1"]
[TimeControl "5400+30"]

1. d4 Nf6 2. Bf4 d5 3. e3 c5 4. c3 Nc6 5. Nd2 e6 6. Ngf3 cxd4 7. exd4 Nh5 8. Be3 Bd6 9. Ne5 Nf6 10. f4 Qb6 11. Rb1 Nxe5 12. fxe5 Bxe5 13. Bd3 Bc7 14. Qf3 Qd6 15. g3 h5 16. O-O h4 17. Bf4 Qe7 18. Be5 Bxe5 19. dxe5 Nd7 20. Qg4 f5 21. exf6 Nxf6 22. Qg6+ Kd8 23. Nf3 Rh6 24. Qg5 Rh5 25. Qe3 hxg3 26. hxg3 e5 27. Nh4 Bh3 28. Be2 Rxh4 29. gxh4 Bxf1 30. Rxf1 Kc7 31. Rf5 Ne4 32. Bd3 Qc5 33. Rf7+ Kc6 34. Qxc5+ Nxc5 35. Bg6 Rg8 36. Bh7 Rh8 37. Rxg7 Na4 38. h5 Nxb2 39. Bg6 Nd1 40. Re7 Kd6 41. Rxb7 Nxc3 42. Rxa7 Ne2+ 43. Kf2 Nf4 44. Ra6+ Kc5 45. Ke3 Nxh5 46. Bf7 Nf4 47. Ra5+ Kd6 48. Ra6+ Kc7 49. Bxd5 Nxd5+ 50. Ke4 Nb4 51. Re6 Nc6 52. Kd5 Rd8+ 53. Kc5 Nb8 54. Re7+ Nd7+ 55. Kd5 Ra8 56. Ke6 Ra6+ 0-1

[Event "48th Indian U15-ch Open 2023"]
[Site "Jalgaon"]
[Date "2024.01.03"]
[Round "10.7"]
[White "Vignesh Advaith Vemula"]
[Black "Agnivo, Chakraborty"]
[Result "1/2-1/2"]
[ECO "C92"]
[WhiteElo "2028"]
[BlackElo "1690"]
[Annotator "RC"]
[PlyCount "126"]
[EventDate "2023.12.30"]
[EventType "swiss"]
[EventCountry "IND"]
[SourceTitle "playchess.com"]
[Source "ChessBase"]
[SourceQuality "1"]
[TimeControl "5400+30"]

1. e4 e5 2. Nf3 Nc6 3. Bb5 a6 4. Ba4 Nf6 5. O-O Be7 6. Re1 b5 7. Bb3 d6 8. c3 O-O 9. h3 Be6 10. d4 Bxb3 11. Qxb3 d5 12. exd5 Na5 13. Qc2 exd4 14. Nxd4 Re8 15. Nd2 Qxd5 16. Nf1 Bd6 17. Be3 Nc4 18. Nf5 Nxe3 19. N1xe3 Qc6 20. Nxd6 Qxd6 21. Rad1 Qc6 22. Nf5 Qc5 23. Qd3 g6 24. Ne3 Kg7 25. c4 Qb4 26. b3 Rad8 27. Qf1 c6 28. Re2 Qa5 29. Rxd8 Rxd8 30. Qa1 Qb6 31. Rc2 Qd4 32. Qxd4 Rxd4 33. cxb5 cxb5 34. Rc6 a5 35. Rc5 Rd2 36. a3 Ra2 37. Rxb5 Rxa3 38. Nc4 Ra1+ 39. Kh2 a4 40. Ra5 Ra2 41. bxa4 Rxf2 42. Ra7 Ne4 43. a5 Ra2 44. Ne5 Nd6 45. Nc6 Kf6 46. a6 Nb5 47. Rb7 Rxa6 48. Nb4 Nd6 49. Rd7 Ke6 50. Rxf7 Nxf7 51. Nxa6 g5 52. Nc5+ Kd5 53. Nd7 Ke6 54. Nf8+ Kf6 55. Nxh7+ Kg7 56. Nxg5 Nxg5 57. Kg3 Kg6 58. Kg4 Ne4 59. Kf4 Nf2 60. Kf3 Nxh3 61. g3 Kg5 62. g4 Nf2 63. Kg3 Nxg4 1/2-1/2

[Event "48th Indian U15-ch Open 2023"]
[Site "Jalgaon"]
[Date "2024.01.03"]
[Round "10.8"]
[White "Patil Akshaj"]
[Black "Vivaan Vijay Saraogi"]
[Result "0-1"]
[ECO "B04"]
[WhiteElo "1559"]
[BlackElo "1982"]
[Annotator "RC"]
[PlyCount "94"]
[EventDate "2023.12.30"]
[EventType "swiss"]
[EventCountry "IND"]
[SourceTitle "playchess.com"]
[Source "ChessBase"]
[SourceQuality "1"]
[TimeControl "5400+30"]

1. e4 Nf6 2. e5 Nd5 3. d4 d6 4. Nf3 Nc6 5. Bc4 dxe5 6. Nxe5 Nxe5 7. dxe5 Be6 8. O-O c6 9. Qf3 Qc7 10. Re1 g6 11. Nc3 Rd8 12. Nxd5 Bxd5 13. Bxd5 Rxd5 14. e6 fxe6 15. Bf4 e5 16. c4 Ra5 17. b4 exf4 18. bxa5 Bg7 19. Rad1 O-O 20. Qa3 Be5 21. f3 c5 22. Rd5 Bd4+ 23. Kh1 Rf6 24. Qa4 Rc6 25. a6 bxa6 26. Rd8+ Kg7 27. Re8 Bf6 28. Ra8 Qb7 29. Rd8 Bd4 30. Rb8 Qd7 31. Reb1 Qe6 32. R8b7 Bf6 33. Rb8 Kh6 34. R8b7 Rd6 35. Rxa7 Rd2 36. Rg1 Bd4 37. Qd7 Rxg2 38. Qxd4 cxd4 39. Rxg2 Qe1+ 40. Rg1 Qe2 41. Rd7 Qxf3+ 42. Rg2 Qf1+ 43. Rg1 Qxc4 44. Rxe7 Qc6+ 45. Rg2 f3 46. Re1 fxg2+ 47. Kg1 d3 0-1

[Event "48th Indian U15-ch Open 2023"]
[Site "Jalgaon"]
[Date "2024.01.03"]
[Round "10.9"]
[White "Mrithyunjay Mahadevan"]
[Black "Anirudh, R."]
[Result "1-0"]
[ECO "C11"]
[WhiteElo "1944"]
[BlackElo "1621"]
[Annotator "RC"]
[PlyCount "125"]
[EventDate "2023.12.30"]
[EventType "swiss"]
[EventCountry "IND"]
[SourceTitle "playchess.com"]
[Source "ChessBase"]
[SourceQuality "1"]
[TimeControl "5400+30"]

1. e4 e6 2. d4 d5 3. Nc3 Nf6 4. e5 Nfd7 5. Nce2 c5 6. c3 Nc6 7. Nf3 a6 8. Nf4 cxd4 9. cxd4 Bb4+ 10. Bd2 Qb6 11. a3 Bxd2+ 12. Qxd2 Na5 13. Rd1 Nb3 14. Qc3 Nf8 15. Nh5 Rg8 16. Be2 Bd7 17. O-O Rc8 18. Qe3 h6 19. Nh4 Na5 20. b4 Nc4 21. Qg3 Nh7 22. Bd3 g6 23. Qf4 gxh5 24. Bxh7 Rg4 25. Qxh6 Rxh4 26. Bg6 Ba4 27. Rd3 Bc2 28. Bxf7+ Kxf7 29. Rf3+ Bf5 30. Qf6+ Ke8 31. Qxh4 Kd7 32. Qxh5 Qxd4 33. Qf7+ Kc6 34. Qf6 Qxe5 35. Qe7 Kb6 36. h3 Rc7 37. Qf8 Qd6 38. Qh8 Qe5 39. Qd8 Qd6 40. Qxd6+ Nxd6 41. g4 Bg6 42. Rf6 Bf7 43. f3 Ne8 44. Rh6 Rd7 45. g5 Bg8 46. f4 Kb5 47. h4 d4 48. Rh8 Rg7 49. Kf2 Nd6 50. Rg1 Nf7 51. Rh5 Rg6 52. Ke2 Nd6 53. Kd3 e5 54. fxe5 Nf5 55. Ke4 Be6 56. Rh7 b6 57. h5 Rg8 58. g6 Rd8 59. Kd3 Bc4+ 60. Kd2 Re8 61. Rg5 Rxe5 62. Rc7 Bf1 63. Rf7 1-0

[Event "48th Indian U15-ch Open 2023"]
[Site "Jalgaon"]
[Date "2024.01.03"]
[Round "10.10"]
[White "Tirth Jayeshkumar Parmar"]
[Black "Sureka Akshat"]
[Result "1-0"]
[ECO "B52"]
[WhiteElo "1612"]
[BlackElo "1808"]
[Annotator "NA RC"]
[PlyCount "101"]
[EventDate "2023.12.30"]
[EventType "swiss"]
[EventCountry "IND"]
[SourceTitle "playchess.com"]
[Source "ChessBase"]
[SourceQuality "1"]
[TimeControl "5400+30"]

1. e4 c5 2. Nf3 d6 3. Bb5+ Bd7 4. Bxd7+ Qxd7 5. O-O Nc6 6. Qe2 g6 7. Rd1 Bg7 8. c3 e5 9. Na3 Nge7 10. d4 cxd4 11. cxd4 Nxd4 12. Nxd4 exd4 13. Nb5 Nc6 14. Bf4 Be5 15. Bh6 O-O-O 16. f4 Bf6 17. Bg5 Bxg5 18. fxg5 Qe7 19. Qc4 Kb8 20. Qd5 Rhe8 21. Nxd4 Qxe4 22. Nxc6+ bxc6 23. Qxf7 Qe3+ 24. Kh1 d5 25. Qf6 Kc7 26. Rac1 Re6 27. Qf1 Rde8 28. h3 Qxg5 29. b4 Qf5 30. Qa6 Qf2 31. Kh2 Qf4+ 32. Kh1 Qxb4 33. Qxa7+ Qb7 34. Qc5 Kd7 35. Rb1 Qc7 36. a4 Re2 37. Rbc1 Qd6 38. Qa7+ Ke6 39. Qxh7 $18 (39. Rf1 $142 Re7 40. Qa8 (40. Qd4 Kd7 $11)) 39... Kf5 40. Rf1+ Kg5 41. h4+ Kg4 42. Qh6 Qe5 43. Rc2 c5 44. Rxc5 Rg8 45. Rc6 Rxg2 46. Rxg6+ Kh3 47. Rf3+ Rg3 48. Rfxg3+ Qxg3 49. Rxg3+ Rxg3 50. Qe6+ Kxh4 51. Qxd5 1-0

[Event "48th Indian U15-ch Open 2023"]
[Site "Jalgaon"]
[Date "2024.02.04"]
[Round "11.1"]
[White "Daksh Goyal"]
[Black "Jihan Tejas Shah"]
[Result "1/2-1/2"]
[ECO "B38"]
[WhiteElo "1814"]
[BlackElo "1891"]
[Annotator "NA RC"]
[PlyCount "75"]
[EventDate "2023.12.30"]
[EventType "swiss"]
[EventCountry "IND"]
[SourceTitle "playchess.com"]
[Source "ChessBase"]
[SourceQuality "1"]
[TimeControl "5400+30"]

1. e4 c5 2. Nf3 Nc6 3. d4 cxd4 4. Nxd4 g6 5. c4 Bg7 6. Be3 Qb6 7. Nb3 Qd8 8. Qd2 Nf6 9. f3 O-O 10. Nc3 d6 11. Be2 a5 12. O-O a4 13. Nd4 Nxd4 14. Bxd4 Qa5 15. Rad1 Be6 16. f4 Rfc8 17. b3 axb3 18. axb3 Kf8 19. f5 Bd7 20. Qf4 Bc6 21. h4 Kg8 22. Nd5 Bxd5 23. exd5 Rf8 24. fxg6 hxg6 25. Bg4 Qb4 26. h5 gxh5 27. Bxf6 Bxf6 28. Bf5 Kg7 29. Qg3+ Kh6 30. Qe3+ Bg5 31. Qh3 Qb6+ 32. Kh1 Rh8 33. Bb1 Bf6 34. g4 Kg7 $2 (34... Rag8 $1 $15 35. Rf5 (35. gxh5 $2 {loses.} Rg5 $19) (35. Qxh5+ $2 {too greedy.} Kg7 $19) 35... Rg5) 35. g5 Be5 36. Rf3 ({But not} 36. Qf5 $6 Raf8 $16) 36... Raf8 37. Qf5 Qd8 38. Rdf1 $18 1/2-1/2

[Event "48th Indian U15-ch Open 2023"]
[Site "Jalgaon"]
[Date "2024.02.04"]
[Round "11.2"]
[White "Mayank Chakraborty"]
[Black "Bhoir Paras Dilip"]
[Result "1-0"]
[ECO "D45"]
[WhiteElo "2403"]
[BlackElo "1808"]
[Annotator "RC"]
[PlyCount "145"]
[EventDate "2023.12.30"]
[EventType "swiss"]
[EventCountry "IND"]
[SourceTitle "playchess.com"]
[Source "ChessBase"]
[SourceQuality "1"]
[TimeControl "5400+30"]

1. d4 d5 2. c4 e6 3. Nc3 c6 4. e3 Nf6 5. Nf3 Nbd7 6. Be2 Bd6 7. O-O O-O 8. b3 b6 9. Bb2 Bb7 10. Rc1 Qe7 11. Bd3 c5 12. cxd5 exd5 13. Bf5 Rfe8 14. Qc2 g6 15. Bh3 Ne4 16. dxc5 bxc5 17. Nxe4 dxe4 18. Qc3 Ne5 19. Nxe5 Bxe5 20. Qxe5 Qxe5 21. Bxe5 Rxe5 22. Rfd1 Kg7 23. Rd7 Bc8 24. Rc7 Bxh3 25. gxh3 Rd8 26. R1xc5 Re6 27. R7c6 Re7 28. Kg2 Rd1 29. Rc1 Rd2 30. R1c2 Rd1 31. Rc7 Re5 32. h4 Rh5 33. Rxa7 Rxh4 34. Rcc7 Rg4+ 35. Kh3 h5 36. Rxf7+ Kh6 37. Rf4 Rdg1 38. b4 Kg5 39. Ra5+ Kh6 40. Rxg4 hxg4+ 41. Kh4 Rg2 42. a4 Rxh2+ 43. Kg3 Rh3+ 44. Kxg4 Rf3 45. Re5 Rxf2 46. Rxe4 Ra2 47. b5 Rb2 48. Rc4 Kg7 49. Rc6 Rb4+ 50. Kg5 Rxa4 51. Rc7+ Kf8 52. b6 Rb4 53. b7 Rb5+ 54. Kh6 Kg8 55. Kxg6 Rb6+ 56. Kf5 Kf8 57. e4 Ke8 58. Rc8+ Kd7 59. b8=R Rh6 60. Rg8 Rh5+ 61. Rg5 Rh7 62. Rb7+ Kd6 63. Rg6+ Kc5 64. Rxh7 Kd4 65. e5 Kd5 66. Rd7+ Kc5 67. e6 Kc6 68. Rg8 Kb6 69. Rc8 Kb5 70. Rb7+ Ka6 71. Rb3 Ka7 72. Rc4 Ka6 73. Ra4# 1-0